 Dungeon Crawl Stone Soup version 0.29.1-12-g30fa7ad0bf (webtiles) character file.

Game seed: 6374462062256657762

210 112233 the Firebug (level 5, -4/31 HPs)
             Began as an Octopode Fire Elementalist on Dec 26, 2022.
             Was a Priest of Nemelex Xobeh.
             Slain by an orc warrior
             ... wielding a +0 glaive
              (22 damage)
             ... on level 5 of the Dungeon.
             The game lasted 00:02:45 (4188 turns).

112233 the Firebug (Octopode Fire Elementalist)     Turns: 4188, Time: 00:02:46

Health: -4/31      AC:  1    Str:  7    XL:     5   Next: 87%
Magic:  6/10       EV: 13    Int: 20    God:    Nemelex Xobeh [***...]
Gold:   7          SH:  0    Dex: 12    Spells: 4/11 levels left

rFire   + . .      SeeInvis .   c - +2 dagger (venom)
rCold   x . .      Faith    +   (no shield)
rNeg    . . .      Spirit   .   (helmet restricted)
rPois   .          Reflect  .   r - amulet of faith
rElec   .          Harm     .   i - ring of fire
rCorr   .          Rampage  .   (no ring)
Will    .....                   (no ring)
Stlth   +++.......              (no ring)
HPRegen 0.10/turn               (no ring)
MPRegen 0.12/turn               (no ring)
                                (no ring)
                                (no ring)

@: no status effects
A: almost no armour, amphibious, 8 rings, camouflage 1, gelatinous body 1,
(nimble swimmer 1), tentacles
a: Renounce Religion, Draw Escape, Draw Destruction, Draw Summoning, Triple Draw


You were on level 5 of the Dungeon.
You worshipped Nemelex Xobeh.
Nemelex Xobeh was most pleased with you.
You visited 1 branch of the dungeon, and saw 6 of its levels.

You collected 119 gold pieces.
You spent 112 gold pieces at shops.

Inventory:

Hand Weapons
 c - a +2 dagger of venom (weapon)
Missiles
 b - 12 poisoned darts
Jewellery
 i - a ring of fire (left tentacle)
 r - an amulet of faith (around mantle)
Wands
 v - a wand of digging (5)
Scrolls
 d - 2 scrolls of identify {unknown}
 k - 2 scrolls of teleportation {unknown}
 m - a scroll of acquirement {unknown}
 n - a scroll of blinking {unknown}
 o - a scroll of poison {unknown}
 p - 2 scrolls of enchant armour {unknown}
 q - a scroll of brand weapon {unknown}
 s - a scroll of noise {unknown}
 t - a scroll of butterflies {unknown}
 u - 3 scrolls of vulnerability {unknown}
Potions
 a - a potion of magic
 e - 2 potions of brilliance {unknown}
 f - a potion of experience {unknown}
 g - 2 potions of might {unknown}
 h - a potion of mutation {unknown}
 j - a potion of flight {unknown}
 l - a potion of heal wounds {unknown}
 w - a potion of curing {unknown}


   Skills:
 - Level 2.1 Dodging
 - Level 2.9 Stealth
 + Level 3.9 Spellcasting
 - Level 1.2 Conjurations
 + Level 4.8 Fire Magic


You had 4 spell levels left.
You knew the following spells:

 Your Spells              Type           Power      Damage    Failure   Level
a - Foxfire               Conj/Fire      96%        2x1d8     3%          1
b - Scorch                Fire           70%        2d9       2%          2
c - Flame Wave            Conj/Fire      24%        2d8       36%         4

Your spell library contained the following spells:

 Spells                   Type           Power      Damage    Failure   Level
 Conjure Flame            Conj/Fire      24%        6-21      11%         3
 Inner Flame              Hex/Fire       20%        N/A       14%         3
 Call Canine Familiar     Summ           3%         N/A       36%         3
 Portal Projectile        Hex/Tloc       6%         N/A       36%         3
 Tukima's Dance           Hex            3%         N/A       36%         3
 Leda's Liquefaction      Hex/Erth       1%         N/A       78%         4
 Passage of Golubria      Tloc           3%         N/A       78%         4
 Yara's Violent Unravell  Hex/Tmut       1%         3d3       98%         5


Dungeon Overview and Level Annotations

Branches:
Dungeon (6/15)
 Temple: D:4-7

Altars:
Cheibriados
Makhleb
Nemelex Xobeh
Sif Muna
Zin

Shops:
D:3 *[[


Innate Abilities, Weirdness & Mutations

You cannot wear most types of armour.
You are amphibious.
You can wear up to eight rings at the same time.
Your skin changes colour to match your surroundings (Stealth+).
Your rubbery body absorbs attacks. (AC +1, EV +1)
((You are camouflaged when in or above water. (Stealth+)))
You have tentacles for arms and can constrict up to eight enemies at once.


Message History

The foxfire hits the orc.
You kill the orc!
Unknown command.
Casting: Foxfire (safe; 3% risk of failure)
Confirm with . or Enter, or press ? or * to list all spells.
You feel a surge of power!
You conjure some foxfire!
Your foxfire dissipates!
Your foxfire dissipates! x2
An orc warrior and an orc wizard come into view.
The orc warrior shouts!
You hear a shout!
An orc wizard comes into view. It is wielding a +1 dagger of venom.
There are monsters nearby!
There are monsters nearby!
Unknown command.
Found 5 gold pieces.
A hound comes into view.
Casting: Foxfire (safe; 3% risk of failure)
Confirm with . or Enter, or press ? or * to list all spells.
You feel a surge of power!
Flames lash the orc wizard.
The orc wizard shouts!
The orc wizard is moderately wounded.
The orc wizard's fire resistance burns away.
The hound barks!
The orc wizard misses you.
Casting: Scorch (safe; 2% risk of failure)
Confirm with . or Enter, or press ? or * to list all spells.
You feel a surge of power!
Flames lash the orc wizard.
The orc wizard is burned terribly!
You kill the orc wizard!
An adder comes into view.
The orc warrior hits you from afar with a +0 glaive!
The hound barely misses you.
Unknown command.
You closely miss the hound. You grab the hound.
You constrict the hound, but do no damage.
The hound misses you.
The orc warrior hits you from afar with a +0 glaive!!
Ouch! That really hurt!
You die...
Your body disappears without a glow.

# #.#########
#.#.......#
#......#..#
###>##....#
#.###o#.#######
#.# #o#........
#.# #.#........
#.# #@#.#######
#.# #h#)# #.#
#<#o# #.# #.#o#
....# $S..#
..... ......


You could see an orc warrior, a hound, an orc wizard and an adder.

Vanquished Creatures
  A phantom (D:3)
  A hound (D:3)
  An orc wizard (D:5)
  2 adders
  2 orcs (D:5)
  8 bats
  7 endoplasms
  3 giant cockroaches
  5 goblins
  5 hobgoblins
  3 quokkas
  4 ball pythons
  5 frilled lizards
  8 kobolds
  8 rats
63 creatures vanquished.

Vanquished Creatures (others)
  232 foxfires
232 creatures vanquished.

Grand Total: 295 creatures vanquished

Notes
Turn   | Place    | Note
-------+----------+-------------------------------------------
     0 | D:1      | 112233 the Octopode Fire Elementalist began the quest for
                  | the Orb.
     0 | D:1      | Reached XP level 1. HP: 11/11 MP: 3/3
    36 | D:1      | Found a faded altar of an unknown god.
   140 | D:1      | Prayed at the altar of an unknown god.
   140 | D:1      | Became a worshipper of Nemelex Xobeh the Trickster
   140 | D:1      | Reached * piety under Nemelex Xobeh
   376 | D:1      | Reached XP level 2. HP: 17/17 MP: 1/5
   897 | D:1      | Received a gift from Nemelex Xobeh
   974 | D:1      | Reached XP level 3. HP: 21/21 MP: 3/6
  1883 | D:2      | Reached ** piety under Nemelex Xobeh
  2752 | D:2      | Reached XP level 4. HP: 27/27 MP: 5/8
  3128 | D:3      | Found Daryal's Armour Boutique.
  3175 | D:3      | Received a gift from Nemelex Xobeh
  3247 | D:3      | Found a snail-covered altar of Cheibriados.
  3356 | D:3      | Found Luoh's Armour Emporium.
  3372 | D:3      | Found a burning altar of Makhleb.
  3468 | D:3      | Found Tuthig's General Store.
  3489 | D:3      | Reached skill level 4 in Fire Magic
  3687 | D:3      | Reached *** piety under Nemelex Xobeh
  3687 | D:3      | Received a gift from Nemelex Xobeh
  3713 | D:3      | Noticed a phantom
  3723 | D:3      | Killed a phantom
  3724 | D:3      | Reached XP level 5. HP: 31/31 MP: 5/10
  3727 | D:3      | Learned a level 2 spell: Scorch
  3732 | D:3      | Learned a level 4 spell: Flame Wave
  3775 | D:3      | Found Feys's Assorted Antiques.
  3818 | D:3      | Found a shimmering blue altar of Sif Muna.
  3831 | D:3      | Found a glowing silver altar of Zin.
  3831 | D:3      | Found a sparkling altar of Nemelex Xobeh.
  3847 | D:3      | Bought a forked fluorescent wand for 92 gold pieces
  3847 | D:3      | Bought a sedimented ruby potion for 20 gold pieces
  4094 | D:4      | Noticed a black bear
  4094 | D:4      | You fall into a shaft and drop 2 floors!
  4098 | D:6      | Received a gift from Nemelex Xobeh
  4105 | D:5      | Entered Level 5 of the Dungeon
  4174 | D:5      | Noticed an orc warrior
  4188 | D:5      | Slain by an orc warrior

Illustrated notes

Levels and vault maps discovered:
D:1:      dpeg_arrival_houses_and_road, layout_basic,
          ebering_ecumenical_altar_mist, chequers_serial_rivers_small_3
D:2:      layout_loops_corners
D:3:      layout_loops_ring, lemuel_crystal_altar, mainiacjoe_overflow_brackets,
          lemuel_coloured_pillars_altar,
          chequers_temple_overflow_statue_of_worship, serial_shops,
          nicolae_shop_window_shopping, shop, nicolae_shop_hallway_stairs,
          nicolae_shop_hallway_plus
D:4:      layout_loops_ring, nicolae_uskayaw_suspiria, hangedman_decor_riveting,
          minmay_misc_feat_doors, minivault_14, minmay_misc_feat_square,
          minmay_ruined_shrine
D:5:      layout_loops_ring, kennysheep_little_box, elyvilon_altar_5,
          minmay_fractal_squares_diagonal_5
D:6:      layout_cave_pools, nicolae_overflow_hidden_temple,
          hangedman_abyss_or_decor_passed, uniq_maggie

Skill      XL: |  1  2  3  4 |
---------------+-------------+-----
Spellcasting   | 3 |  3.9
Fire Magic     | 4 |  4.8
Dodging        | |  2.1
Stealth        | |  2.9
Conjurations   | |  1.2

Action                   |  1- 3 |  4- 6 || total
-------------------------+-------+-------++-------
Melee: Constrict         |     1 |     1 ||     2
       Unarmed           |     1 |       ||     1
       Dagger            |       |     1 ||     1
 Cast: Foxfire           |   100 |    47 ||   147
       Scorch            |       |     2 ||     2
Invok: Draw Destruction  |       |     1 ||     1
Armor: Skin              |       |     2 ||     2
Dodge: Dodged            |     2 |     5 ||     7
